[Event "*** Titled Tuesday 3|2 Blitz"]
[Site "Chess.com"]
[Date "2015.10.06"]
[Round "9"]
[White "FairChess_on_YouTube"]
[Black "IMRosen"]
[Result "1-0"]
[WhiteElo "2715"]
[BlackElo "2252"]
[TimeControl "180+2"]
[EndTime "12:52:06 PDT"]
[Termination "FairChess_on_YouTube won on time"]

1. e4 c5 2. Nf3 e6 3. g3 Nc6 4. Bg2 d6 5. O-O Nf6 6. Re1 Be7 7. c3 O-O 8. d4 cxd4 9. cxd4 a6 10. Nc3 Qc7 11. d5 Ne5 12. Nd4 Re8 13. dxe6 Bxe6 14. Nxe6 fxe6 15. Qb3 Bf8 16. Bg5 Nc4 17. Rac1 Rac8 18.
Bh3 b5 19. a4 b4 20. Bxf6 gxf6 21. Bxe6+ Rxe6 22. Nd5 Qc5 23. Qf3 Ne5 24. Qf5 Qxc1 25. Qxe6+ Nf7 26. Nxf6+ Kg7 27. Nh5+ Kg8 28. Rxc1 Rxc1+ 29. Kg2 Rc5 30. Nf6+ Kg7 31. Ne8+ Kg8 32. Nf6+ Kg7 33.
Nd7 Ra5 34. Qe8 1-0

[Event "*** Titled Tuesday 3|2 Blitz"]
[Site "Chess.com"]
[Date "2015.10.06"]
[Round "9"]
[White "E-Shaposhnikov"]
[Black "1stSecond"]
[Result "1-0"]
[WhiteElo "2559"]
[BlackElo "2405"]
[TimeControl "180+2"]
[EndTime "12:52:08 PDT"]
[Termination "E-Shaposhnikov won by resignation"]

1. e4 e5 2. Nf3 Nc6 3. Bc4 Bc5 4. c3 Nf6 5. d3 d6 6. Bb3 a6 7. Nbd2 Ba7 8. Nf1 h6 9. Ng3 Be6 10. O-O Qd7 11. Bc2 O-O-O 12. d4 Bg4 13. d5 Ne7 14. Be3 Bxe3 15. fxe3 Nh5 16. Nxh5 Bxh5 17. b4 c5 18.
bxc5 dxc5 19. Rb1 Qc7 20. c4 Kb8 21. Ba4 Nc8 22. Qb3 Bxf3 23. Rxf3 Nd6 24. Bc6 Ka8 25.
Qa3 a5 26. Qxc5 bxc6 27. Rb6 Nb7 28. Ra6+ Kb8 29. Qa7+ Kc8 30. Rxc6 1-0

[Event "*** Titled Tuesday 3|2 Blitz"]
[Site "Chess.com"]
[Date "2015.10.06"]
[Round "9"]
[White "MFBerna"]
[Black "PowerThinking2650"]
[Result "1-0"]
[WhiteElo "2106"]
[BlackElo "2075"]
[TimeControl "180+2"]
[EndTime "12:52:14 PDT"]
[Termination "MFBerna won by resignation"]

1. e4 e5 2. Nf3 Nc6 3. Bb5 a6 4. Ba4 Nf6 5. O-O Be7 6. Re1 b5 7. Bb3 d6 8. c3 O-O 9. h3 Bb7 10.
d4 Re8 11. Nbd2 Bf8 12. Nf1 exd4 13. cxd4 Rxe4 14. Bxf7+ Kh8 15. Rxe4 Nxe4 16. Bd5 Na5 17. Bxb7 Nxb7 18. Qc2 d5 19. Bf4 Bd6 20. Bxd6 Nbxd6 21. Ne5 Qf6 22. f3 Ng5 23. Qxc7 Rc8 24. Qd7 h5 25. h4 Rc2 26. hxg5 Qxg5 27. Qh3 Nf5 28. Nf7+ 1-0

[Event "*** Titled Tuesday 3|2 Blitz"]
[Site "Chess.com"]
[Date "2015.10.06"]
[Round "9"]
[White "Haridaskesavan"]
[Black "HubertKnott"]
[Result "1-0"]
[WhiteElo "2044"]
[BlackElo "1981"]
[TimeControl "180+2"]
[EndTime "12:52:31 PDT"]
[Termination "Haridaskesavan won by resignation"]

1. c3 d5 2. g3 Nf6 3. Bg2 e5 4. d3 c6 5. Nd2 Be7 6. Ngf3 Nbd7 7. e4 O-O 8. O-O Re8 9. Re1 Bd6 10. Nh4 g6 11. exd5 cxd5 12. Nb3 Nc5 13. Bg5 Nxb3 14.
axb3 Bc5 15. Qf3 Be7 16. Rxe5 Be6 17. Rae1 Kg7 18. Bh3 Bxh3 19. Rxe7 Rxe7 20. Bxf6+ Kf8 21. Bxe7+ Qxe7 22. Rxe7 Kxe7 23. Qxd5 Rd8 24. Qxb7+ Rd7 25. Qb4+ Ke8 26. d4 Re7 27. f4 Re1+ 28. Kf2 Rf1+ 29.
Ke2 Rh1 30. Nf3 Bf1+ 31. Kf2 Bh3 32. Qb8+ Ke7 33. Qxa7+ Ke8 34. Ng5 Rxh2+ 35. Ke3 1-0

[Event "*** Titled Tuesday 3|2 Blitz"]
[Site "Chess.com"]
[Date "2015.10.06"]
[Round "9"]
[White "facu57"]
[Black "Tal-Baronfew"]
[Result "1/2-1/2"]
[WhiteElo "2511"]
[BlackElo "2746"]
[TimeControl "180+2"]
[EndTime "12:52:55 PDT"]
[Termination "Game drawn by repetition"]

1. d4 Nf6 2. Nf3 d5 3. c4 e6 4. Nc3 dxc4 5. e3 a6 6. a4 c5 7.
Bxc4 Nc6 8. O-O Be7 9. Qe2 cxd4 10. Rd1 e5 11. exd4 exd4 12. Nxd4 Nxd4 13. Qe5 Qd6 14.
Qxd6 Bxd6 15. Rxd4 Be5 16. Rd1 O-O 17. Be3 Bf5 18.
Bd4 Rfe8 19. h3 Rac8 20. Bxe5 Rxe5 21. Rd4 h6 22. Rad1 g5 23. f3 Kg7 24. Kf2 Re7 25.
Ba2 Rcc7 26. R1d2 Be6 27. Bxe6 Rxe6 28. h4 Kg6 29. hxg5 hxg5 30. g4 Rec6 31. Rb4 Re6 32. Rbd4 Rec6 33. Rb4 Re6 34. Kg3 Rec6 35. Rd8 Re6 36.
Rbd4 Rec6 37. R8d6 Kg7 38. Rxc6 Rxc6 39. Rb4 b6 40.
Rd4 Re6 41. Rd8 Rc6 42. Ra8 a5 43. Rd8 Rc4 44. Rd6 Rb4 45. Rd2 Kg6 46. Rd6 Kg7 47. Rd2 Kg6 48. Rd6 Kg7 1/2-1/2

[Event "*** Titled Tuesday 3|2 Blitz"]
[Site "Chess.com"]
[Date "2015.10.06"]
[Round "9"]
[White "Rickstereo"]
[Black "jup1978"]
[Result "0-1"]
[WhiteElo "2093"]
[BlackElo "2287"]
[TimeControl "180+2"]
[EndTime "12:53:04 PDT"]
[Termination "jup1978 won by resignation"]

1. d4 Nf6 2. c4 g6 3. Nc3 Bg7 4. Nf3 d6 5. e4 O-O 6. Bg5 h6 7.
Bxf6 Bxf6 8. Be2 c5 9. e5 dxe5 10. dxe5 Bg7 11. Qb3 Nc6 12. Rd1 Qa5 13. O-O Nxe5 14.
Nxe5 Bxe5 15. Nd5 Bd6 16. Qe3 Be6 17. Qxh6 Bxd5 18. Rxd5 Qxa2 19. Bh5 Qxb2 20. Bxg6 Qg7 21. Qxg7+ Kxg7 22. Bb1 Rh8 23. g3 Rad8 24. h4 b6 25. Re1 e6 26. Rg5+ Kf6 27. Re3 Ke7 28. Kg2 Rdg8 29.
Rxg8 Rxg8 30. h5 Kf6 31. h6 Rh8 32. h7 Kg7 33. g4 Re8 34. g5 Be7 35. Rg3 Rd8 36. Kh3 Rd4 37. Rg4 Rd3+ 38. Kg2 Rd1 39. Rh4 Kh8 40. g6 fxg6 0-1

[Event "*** Titled Tuesday 3|2 Blitz"]
[Site "Chess.com"]
[Date "2015.10.06"]
[Round "9"]
[White "Canonkasparov"]
[Black "LyonBeast"]
[Result "1/2-1/2"]
[WhiteElo "2414"]
[BlackElo "2698"]
[TimeControl "180+2"]
[EndTime "12:53:22 PDT"]
[Termination "Game drawn by repetition"]

1. d4 Nf6 2. Nf3 g6 3. c3 Bg7 4. Bg5 b6 5. Nbd2 Bb7 6. e3 d6 7. Bb5+ Nbd7 8. a4 a6 9. Bc4 h6 10. Bh4 c5 11. O-O Qc7 12. Qe2 d5 13. Bd3 O-O 14. Bg3 Qc6 15. Ne5 Nxe5 16. Bxe5 Rfe8 17. f4 e6 18. h3 Nd7 19. Bxg7 Kxg7 20. Nf3 c4 21.
Bc2 Nf6 22. Ne5 Qc7 23. Rf3 Ne4 24. Bxe4 dxe4 25. Rg3 Kh7 26. h4 Bd5 27. h5 g5 28.
fxg5 hxg5 29. Rf1 f5 30. Rxg5 Qe7 31. Rg6 Rg8 32. Rf4 Rxg6 33. hxg6+ Kg7 34. Qf2 Rh8 35.
Qg3 b5 36. axb5 axb5 37. Nf7 Rh5 38. Kf2 b4 39. Kg1 bxc3 40. bxc3 Qa3 41. Rf1 Qxc3 42. Qe5+ Kxg6 43. Nh8+ Kh7 44. Qc7+ Kxh8 45. Qd8+ Kg7 46. Qe7+ Kg6 47. Qe8+ Kf6 48. Qf8+ Kg6 49. Qg8+ Kf6 50.
Qf8+ Kg6 51. Qg8+ Kf6 52. Qf8+ Kg6 1/2-1/2

[Event "*** Titled Tuesday 3|2 Blitz"]
[Site "Chess.com"]
[Date "2015.10.06"]
[Round "9"]
[White "Viaje"]
[Black "dpopadic"]
[Result "0-1"]
[WhiteElo "2180"]
[BlackElo "2228"]
[TimeControl "180+2"]
[EndTime "12:53:25 PDT"]
[Termination "dpopadic won by resignation"]

1. d4 Nf6 2. c4 g6 3. Nc3 Bg7 4. e4 d6 5. Be2 O-O 6. Nf3 e5 7. O-O Na6 8. Be3 Ng4 9. Bg5 Qe8 10. Nd5 f6 11. Bh4 c6 12. Nc3 h5 13. h3 Nh6 14.
dxe5 dxe5 15. Qc2 Nc5 16. Rad1 Nf7 17. b4 Ne6 18. c5 Qe7 19. Bc4 Nf4 20. Bg3 Be6 21.
Bxe6 Nxe6 22. Qb3 Rfd8 23. Rxd8+ Rxd8 24. Rd1 Rxd1+ 25. Qxd1 Bh6 26. Kf1 Kf8 27. a3 Ke8 28.
Nh4 Nf8 29. f3 Bf4 30. Bf2 Bg5 31. g4 hxg4 32. hxg4 Bxh4 33. Bxh4 g5 34. Bf2 Ne6 35. Ne2 Qd7 36. Qxd7+ Kxd7 37. Ke1 Nf4 38. Nxf4 gxf4 39.
Bh4 Ke6 40. Ke2 b6 41. Kd3 b5 42. Kc3 Nd8 43. Kd3 Kf7 44. g5 fxg5 45. Bxg5 Ne6 46. Bh4 Nd4 47. Bf2 Nxf3 48. Ke2 Ng5 49. Kd3 a6 50.
Bh4 Kg6 51. Bf2 Kh5 52. Be1 Kg4 53. Bc3 Nf7 54. Ke2 f3+ 55. Ke3 Kg3 56. Be1+ Kg2 57. Bh4 Nh6 0-1

[Event "*** Titled Tuesday 3|2 Blitz"]
[Site "Chess.com"]
[Date "2015.10.06"]
[Round "9"]
[White "jcibarra"]
[Black "bugsbunny444"]
[Result "1-0"]
[WhiteElo "2491"]
[BlackElo "2293"]
[TimeControl "180+2"]
[EndTime "12:53:29 PDT"]
[Termination "jcibarra won by resignation"]

1. e4 e6 2. d4 d5 3. Bd3 dxe4 4. Bxe4 Nf6 5. Bf3 c5 6. Ne2 Nc6 7. Be3 cxd4 8. Nxd4 Ne5 9. O-O Be7 10. Nc3 O-O 11.
Qe2 a6 12. Rad1 Nxf3+ 13. Qxf3 Qc7 14. Rfe1 Rd8 15. Bf4 Qb6 16. Be5 Bd7 17. Qg3 Rac8 18.
Ne4 Ne8 19. Nb3 f6 20. Bc3 e5 21. Ba5 Qc6 22. Bxd8 Rxd8 23. c3 Qc7 24. Rd2 Be6 25.
Red1 Rxd2 26. Rxd2 Nd6 27. Nxd6 Bxd6 28. Qd3 Be7 29.
Qe4 g6 30. Qe3 Kg7 31. h3 a5 32. Qa7 Bd8 33. Nc5 Bc8 34. a4 Kh6 35. b4 b6 36.
Qxc7 Bxc7 37. Ne4 Kg7 38. Nd6 Be6 39. Ne8+ 1-0

[Event "*** Titled Tuesday 3|2 Blitz"]
[Site "Chess.com"]
[Date "2015.10.06"]
[Round "9"]
[White "HansCoolNiemann"]
[Black "Badouuu"]
[Result "1-0"]
[WhiteElo "2086"]
[BlackElo "1965"]
[TimeControl "180+2"]
[EndTime "12:53:34 PDT"]
[Termination "HansCoolNiemann won by checkmate"]

1. d4 c5 2. d5 Nf6 3. c4 e6 4. Nc3 exd5 5. cxd5 d6 6. Nf3 g6 7. Bf4 a6 8. a4 Bg7 9. e4 O-O 10. Nd2 Nh5 11. Be3 Nd7 12. Be2 Nhf6 13. O-O h5 14. Nc4 Ne8 15. f4 f5 16. exf5 Rxf5 17. Bd3 Ndf6 18.
Bxf5 Bxf5 19. a5 Ng4 20. Qd2 Nef6 21. h3 Nh6 22. Rae1 h4 23. Bf2 Nh5 24. Ne4 Bxe4 25.
Rxe4 Nf5 26. Rfe1 Kh8 27. Nb6 Qf6 28. Nxa8 Nhg3 29. Re8+ Kh7 30. Nb6 Bh6 31. Nd7 Qg7 32.
Bxg3 hxg3 33. Nf8+ Qxf8 34. Rxf8 Bxf8 35. Qd3 Bg7 36.
Re6 Bxb2 37. Qb3 Bd4+ 38. Kf1 Kh6 39. Qxb7 c4 40. Qxa6 c3 41. Qc6 Bc5 42. Qa4 Kh5 43. Qd1+ Kh6 44. Qg4 Kg7 45. Qxg6+ Kf8 46. Re8# 1-0

[Event "*** Titled Tuesday 3|2 Blitz"]
[Site "Chess.com"]
[Date "2015.10.06"]
[Round "9"]
[White "Er_is_geen_hoop_meer"]
[Black "Ginger_GM"]
[Result "0-1"]
[WhiteElo "2365"]
[BlackElo "2463"]
[TimeControl "180+2"]
[EndTime "12:53:55 PDT"]
[Termination "Ginger_GM won by checkmate"]

1. g3 h5 2. h4 e5 3. Bg2 d5 4. c4 d4 5. d3 Nc6 6. a3 a5 7.
Nd2 Nf6 8. Rb1 Be7 9. Ne4 Ng4 10. Nh3 O-O 11. Bd2 a4 12. Neg5 Bd6 13. Qc2 Qe7 14. Rc1 Bc5 15. Ne4 Be6 16. Nhg5 Bf5 17. Nxc5 Qxc5 18.
Ne4 Qe7 19. c5 Be6 20. Ng5 Bb3 21. Qb1 f6 22. Ne4 Kh8 23. Bf3 Rad8 24. Kf1 Bd5 25. Kg2 Qe6 26. e3 dxe3 27. Bxe3 f5 28. Ng5 Bxf3+ 29.
Kxf3 Qd5+ 30. Ke2 Nd4+ 31. Bxd4 Qxd4 32. Rhf1 Rde8 33. Nf3 Qd5 34. Ng5 e4 35. dxe4 fxe4 36. Qc2 Qd4 37. Ke1 Rf5 38. Rd1 Qxc5 39. Qxc5 Rxc5 40.
Ke2 e3 41. f3 Rc2+ 42. Kd3 Rxb2 43. Rde1 e2 44. Kc3 Rb3+ 45. Kd2 Rd8+ 46. Kxe2 Rb2# 0-1

[Event "*** Titled Tuesday 3|2 Blitz"]
[Site "Chess.com"]
[Date "2015.10.06"]
[Round "9"]
[White "GregShahade"]
[Black "kikydu96"]
[Result "1-0"]
[WhiteElo "2312"]
[BlackElo "2278"]
[TimeControl "180+2"]
[EndTime "12:53:58 PDT"]
[Termination "GregShahade won by resignation"]

1. c4 e5 2. g3 Nc6 3. Bg2 Bc5 4. Nc3 d6 5. Nf3 a6 6. O-O h5 7. d3 h4 8. Nxh4 Rxh4 9. gxh4 Qxh4 10. Be3 Bh3 11.
Bxh3 Qxh3 12. Bxc5 Nf6 13. f3 dxc5 14. Nd5 O-O-O 15.
Rf2 Nxd5 16. cxd5 Rxd5 17. Qf1 Qh6 18. Rg2 Nd4 19. Qf2 Nc2 20. Rb1 Ne3 21. Rg3 f5 22. Kh1 f4 23. Rgg1 g5 24. Rbc1 b6 25. a3 a5 26. Rb1 a4 27. b3 axb3 28. Rxb3 Rd8 29. a4 Rh8 30. a5 Kb7 31. axb6 cxb6 32. Rgb1 Ra8 33. Rxb6+ Qxb6 34. Rxb6+ Kxb6 35. Qg1 Kc7 36. h4 Rh8 37. Qxg5 Kd6 38. Qf6+ 1-0

[Event "*** Titled Tuesday 3|2 Blitz"]
[Site "Chess.com"]
[Date "2015.10.06"]
[Round "9"]
[White "BakaPG"]
[Black "Arashy_CC"]
[Result "0-1"]
[WhiteElo "2482"]
[BlackElo "2375"]
[TimeControl "180+2"]
[EndTime "12:54:03 PDT"]
[Termination "Arashy_CC won by resignation"]

1. e4 g6 2. d4 Bg7 3. Nc3 d6 4. Be3 a6 5. f3 b5 6. Qd2 Nd7 7. Nge2 Bb7 8. g4 h5 9. g5 e6 10. h4 Ne7 11. Ng3 Nb6 12. b3 O-O 13. a4 b4 14. Nce2 a5 15. Rd1 d5 16. e5 Nd7 17.
Bh3 c5 18. f4 c4 19. O-O Rc8 20. Bf2 Qb6 21. Rfe1 Rc6 22. Qe3 Rfc8 23. Qf3 Nf8 24. Nxh5 gxh5 25. Qxh5 cxb3 26. cxb3 Ba6 27. Ng3 Rc3 28.
f5 Rxg3+ 29. Bxg3 exf5 30. Qf3 Ne6 31. Bxf5 Nxd4 32. Rxd4 Qxd4+ 33. Bf2 Rc3 34. Bh7+ Kf8 35. Qh5 Rg3+ 36. Kh1 Qxf2 0-1

[Event "*** Titled Tuesday 3|2 Blitz"]
[Site "Chess.com"]
[Date "2015.10.06"]
[Round "9"]
[White "oggy1984"]
[Black "Chesster_30"]
[Result "1-0"]
[WhiteElo "2356"]
[BlackElo "1800"]
[TimeControl "180+2"]
[EndTime "12:54:07 PDT"]
[Termination "oggy1984 won by resignation"]

1. e4 c5 2. Nf3 d6 3. d4 cxd4 4. Nxd4 Nf6 5. Nc3 a6 6. Be2 e5 7. Nb3 Be7 8. a4 O-O 9. a5 Be6 10. O-O Nc6 11. f4 exf4 12. Bxf4 Ne5 13. Nd4 Rc8 14. Kh1 Re8 15. Nxe6 fxe6 16. Bxe5 dxe5 17. Bg4 Rc6 18. Bh3 Qxd1 19. Raxd1 Rd8 20. g3 Rdd6 21. Rd3 Rxd3 22. cxd3 Bb4 23. Ra1 Kf7 24. Nd1 Rc2 25. Ne3 Rxb2 26. Nc4 Rc2 27. Nxe5+ Ke7 28. Rb1 Bxa5 29.
Rxb7+ Kd8 30. Rxg7 Rc1+ 31. Kg2 Bc3 32. Nc6+ Ke8 33.
Bxe6 Rc2+ 34. Kh3 Kf8 35. Rf7+ Ke8 36. e5 Ng8 1-0

[Event "*** Titled Tuesday 3|2 Blitz"]
[Site "Chess.com"]
[Date "2015.10.06"]
[Round "9"]
[White "stefanodinn"]
[Black "Schemato"]
[Result "0-1"]
[WhiteElo "2125"]
[BlackElo "2204"]
[TimeControl "180+2"]
[EndTime "12:54:10 PDT"]
[Termination "Schemato won on time"]

1. e4 e6 2. d4 d5 3. Nd2 Be7 4. c3 Nf6 5. e5 Nfd7 6. Bd3 b6 7. Qe2 a5 8. f4 Ba6 9. Bxa6 Nxa6 10. Ngf3 g6 11. O-O h5 12. g3 c5 13. Ng5 cxd4 14. cxd4 Nb4 15. Ndf3 Rc8 16. a3 Nc6 17. Be3 O-O 18. h3 a4 19. g4 hxg4 20. hxg4 Kg7 21. Kg2 Rh8 22. Rh1 Qc7 23. Rxh8 Rxh8 24. Rc1 Qb7 25.
Bf2 Na5 26. Bh4 Nb8 27. Kg3 Nc4 28. Rh1 Nc6 29. Qh2 Bxg5 30. Nxg5 Kg8 31. Nf3 Ne3 0-1

[Event "*** Titled Tuesday 3|2 Blitz"]
[Site "Chess.com"]
[Date "2015.10.06"]
[Round "9"]
[White "GeorgMeier"]
[Black "AnthonyWirig"]
[Result "1/2-1/2"]
[WhiteElo "2599"]
[BlackElo "2549"]
[TimeControl "180+2"]
[EndTime "12:54:23 PDT"]
[Termination "Game drawn by agreement"]

1. Nf3 d5 2. g3 c6 3. Bg2 Nf6 4. O-O g6 5. b3 Bg7 6. Bb2 O-O 7. c4 a5 8. d4 Ne4 9. Nbd2 Nxd2 10. Qxd2 Bf5 11.
Rfc1 Be4 12. e3 e6 13. Qe2 Nd7 14. Bf1 Bxf3 15. Qxf3 f5 16. Qe2 h5 17. a3 h4 18. b4 hxg3 19. hxg3 Nf6 20. b5 Ne4 21. a4 g5 22. bxc6 bxc6 23. cxd5 cxd5 24. Rc6 g4 25. Ba3 Rf6 26. Rac1 Rh6 27. Bg2 Ng5 28. Rc7 Qe8 29. Be7 Nh3+ 30. Kf1 Qxa4 31. Bh4 Rb8 32.
Bxh3 gxh3 33. Kg1 Qb5 34. Qc2 Rb7 35. Rxb7 Qxb7 36. Qc8+ Qxc8 37. Rxc8+ Kf7 38. Ra8 Bf6 39. Ra7+ Kg6 40. Bxf6 Kxf6 41. Kh2 Kg5 42. f3 Kf6 43. Rxa5 Rh8 44. Ra3 Kg5 45. Rb3 Kf6 46. Rb2 Kg5 47. Rc2 Kf6 48. Re2 Kg5 49. e4 dxe4 50. fxe4 f4 51. Rf2 fxg3+ 52. Kxg3 Rh4 53. d5 Rxe4 54.
dxe6 Rxe6 55. Kxh3 Rf6 1/2-1/2

[Event "*** Titled Tuesday 3|2 Blitz"]
[Site "Chess.com"]
[Date "2015.10.06"]
[Round "9"]
[White "ChessTrener"]
[Black "pedromartinez91"]
[Result "1-0"]
[WhiteElo "2481"]
[BlackElo "2218"]
[TimeControl "180+2"]
[EndTime "12:54:36 PDT"]
[Termination "ChessTrener won by resignation"]

1. e4 c5 2. Ne2 Nc6 3. Nbc3 g6 4. g3 Bg7 5. Bg2 d6 6. O-O e5 7. a3 Nge7 8. b4 O-O 9. b5 Nd4 10. d3 a6 11. bxa6 Rxa6 12. Rb1 b6 13. h3 Be6 14. f4 exf4 15. gxf4 f5 16. a4 fxe4 17. dxe4 Bc4 18.
Be3 Nec6 19. Rf2 Nxe2+ 20. Nxe2 Rxa4 21. e5 d5 22. Nc3 Ra3 23. Nxd5 Nd4 24. Bxd4 Rg3 25.
Nxb6 Be6 26. Bxc5 Qh4 27. Bxf8 Bxf8 28. Nd7 Be7 29. Nf6+ Kf7 30. Rb7 Qxh3 31. Rxe7+ Kxe7 32. Qd6+ Kf7 33. Qc7+ Kf8 34. Nxh7+ Kg8 35. Nf6+ Kh8 36. Qd8+ Kg7 37. Qe7+ Bf7 38. Qc5 Qh8 39. Ne4 Rg4 40. e6 Qa8 41. Qe5+ Kg8 42. exf7+ Kxf7 43. Nd6+ Kg8 44. Qe6+ Kg7 45. Qxg4 Qa1+ 46. Kh2 1-0

[Event "*** Titled Tuesday 3|2 Blitz"]
[Site "Chess.com"]
[Date "2015.10.06"]
[Round "9"]
[White "AleksandrNevski"]
[Black "kesarev"]
[Result "0-1"]
[WhiteElo "2424"]
[BlackElo "2217"]
[TimeControl "180+2"]
[EndTime "12:54:40 PDT"]
[Termination "kesarev won on time"]

1. c4 Nf6 2. g3 g6 3. Bg2 Bg7 4. Nc3 O-O 5. d4 d6 6. h3 Nc6 7. e3 Bd7 8. Nge2 Rb8 9. O-O a6 10. a4 a5 11. b3 Nb4 12. e4 c5 13. dxc5 dxc5 14. e5 Ne8 15. f4 Bc6 16. Be3 b6 17. Nd5 f6 18. Nxb4 Bxg2 19. Kxg2 axb4 20. Qxd8 Rxd8 21. a5 fxe5 22. axb6 exf4 23. Nxf4 Bxa1 24. Rxa1 Rf5 25. b7 Nd6 26. Ne6 Rb8 27. Nxc5 Nxb7 28. Nd3 Nd6 29. g4 Rf7 30. Ne5 Rff8 31. Nd7 Ra8 32. Rd1 Ra2+ 33. Kg1 Rfa8 34. Rd3 Rb2 35. Bh6 Ra1+ 0-1

[Event "*** Titled Tuesday 3|2 Blitz"]
[Site "Chess.com"]
[Date "2015.10.06"]
[Round "9"]
[White "BIG_Pirate"]
[Black "armago"]
[Result "1-0"]
[WhiteElo "2294"]
[BlackElo "2078"]
[TimeControl "180+2"]
[EndTime "12:55:02 PDT"]
[Termination "BIG_Pirate won on time"]

1. e4 c5 2. Nf3 Nc6 3. d4 cxd4 4.
Nxd4 Nf6 5. Nc3 e5 6. Ndb5 d6 7.
Bg5 a6 8. Na3 b5 9. Nd5 Be7 10.
Bxf6 Bxf6 11. c3 Bg5 12. Nc2 Rb8 13. a3 O-O 14. Ncb4 Bb7 15. Be2 a5 16. Nc2 Ne7 17. Nxe7+ Qxe7 18. Bf3 f5 19. exf5 e4 20. Bg4 e3 21.
O-O Qe4 22. f3 Qe5 23. Re1 Rbe8 24. Nd4 b4 25. axb4 axb4 26. Ra7 Ba8 27. Ne6 Rxe6 28. fxe6 bxc3 29. bxc3 Qc5 30. Qd4 Qxd4 31. cxd4 Bf6 32. Ra4 Bc6 33. Rb4 Bg5 34. h4 Bh6 35. Rb6 Ba4 36.
Rxd6 Rb8 37. Ra6 Be8 38. g3 Rb2 39. f4 g5 40. hxg5 Bg7 41. Ra8 Bxd4 42. Rxe8+ 1-0

[Event "*** Titled Tuesday 3|2 Blitz"]
[Site "Chess.com"]
[Date "2015.10.06"]
[Round "9"]
[White "pKiLz5Rn9b"]
[Black "Keranke"]
[Result "0-1"]
[WhiteElo "2399"]
[BlackElo "2581"]
[TimeControl "180+2"]
[EndTime "12:55:23 PDT"]
[Termination "Keranke won by resignation"]

1. e4 c5 2. c3 g6 3. d4 cxd4 4. cxd4 d5 5. e5 Nh6 6. h3 Nc6 7. Nc3 Bg7 8. g4 O-O 9. Bg2 e6 10. Nf3 Kh8 11. Be3 b6 12. Qd2 Ng8 13. h4 h6 14. h5 g5 15. Nxg5 hxg5 16. h6 Bxe5 17. dxe5 Nxe5 18. h7 Ne7 19. Bxg5 f6 20. Bh6 Rf7 21.
O-O-O Ba6 22. Kb1 Nxg4 23. Bf4 Ng6 24. Bg3 Rc8 25. f3 N4e5 26. Qh6 Qf8 27. f4 Qxh6 28. Rxh6 Ng4 29. Rxg6 Ne3 30. Rd2 Nxg2 31. f5 d4 32. Ne4 Rxh7 33. b3 Ne3 34. fxe6 b5 35. Nd6 Rf8 36. Rxd4 b4 37. Rxb4 Bd3+ 38. Kb2 Bxg6 39.
Bf4 Nd5 40. Rd4 Nxf4 41. Rxf4 Re7 42. Rh4+ Kg7 43. Rg4 f5 44. Rg5 Rxe6 45. Nc4 f4 46. Kc3 f3 47. Rg1 f2 48. Rf1 Re1 49. Nd2 Rxf1 50.
Nxf1 Bf5 51. Ng3 Bh3 0-1

[Event "*** Titled Tuesday 3|2 Blitz"]
[Site "Chess.com"]
[Date "2015.10.06"]
[Round "9"]
[White "silverback96"]
[Black "alexsuper1987"]
[Result "1/2-1/2"]
[WhiteElo "1930"]
[BlackElo "2181"]
[TimeControl "180+2"]
[EndTime "12:55:24 PDT"]
[Termination "Game drawn by agreement"]

1. d4 Nf6 2. c4 c5 3. d5 e6 4. Nc3 exd5 5. cxd5 d6 6. Nf3 g6 7. g3 Bg7 8. Bg2 O-O 9. O-O a6 10. a4 Re8 11. Bf4 Ne4 12. Nxe4 Rxe4 13. Nd2 Rb4 14. b3 g5 15. Be3 Bxa1 16. Qxa1 Nd7 17. Ne4 Rxe4 18.
Bxe4 Qf6 19. Qb1 h6 20. Bc1 b5 21. Bb2 Qe7 22. Bh7+ Kf8 23. Qf5 Ne5 24. Qe4 Bh3 25. f4 Bxf1 26. fxe5 Bh3 27. g4 bxa4 28. e6 a3 29. Bc3 Rb8 30. Qf5 Rxb3 31. Bf6 Rb1+ 32. Qxb1 Qxf6 33. Qb8+ Ke7 34. Qc7+ Ke8 35. Qc8+ Ke7 36.
Qd7+ Kf8 37. Qc8+ Ke7 1/2-1/2

[Event "*** Titled Tuesday 3|2 Blitz"]
[Site "Chess.com"]
[Date "2015.10.06"]
[Round "9"]
[White "LADIESGET2KNOWME"]
[Black "ruifeng"]
[Result "1-0"]
[WhiteElo "2265"]
[BlackElo "2120"]
[TimeControl "180+2"]
[EndTime "12:55:43 PDT"]
[Termination "LADIESGET2KNOWME won by resignation"]

1. d4 Nf6 2. Nf3 d5 3. g3 g6 4.
Bg2 Bg7 5. O-O O-O 6. c4 c6 7. cxd5 cxd5 8. Nc3 b6 9. Ne5 Bb7 10. Bf4 Nbd7 11. Qb3 e6 12. Rac1 Nxe5 13. Bxe5 Rc8 14.
Nb5 a6 15. Nd6 Rxc1 16. Rxc1 Ba8 17. Rc8 Qd7 18. Rxf8+ Bxf8 19. Qxb6 Ng4 20. Qxa6 Bc6 21. Qc8 Nxe5 22. dxe5 Qxc8 23. Nxc8 Bc5 24. Kf1 Bb7 25. Nd6 Ba6 26. f4 Kf8 27. a3 Bc4 28. b4 Bd4 29.
Nxc4 dxc4 30. b5 Ke7 31. a4 Bb6 32. Ke1 Kd7 33. Kd2 Ba5+ 34. Ke3 Kc7 35. Kd4 c3 36. Be4 Kb6 37. Kc4 h6 38. g4 g5 39. f5 c2 40.
Bxc2 Bd2 41. f6 Bf4 42. Kd4 Bxh2 43. Bg6 Bg1+ 44. Ke4 fxg6 45. e3 h5 46. f7 h4 47.
f8=Q h3 48. Qd6+ Ka5 49. Qd2+ Kb6 50. Kf3 h2 51. Kg2 1-0

[Event "*** Titled Tuesday 3|2 Blitz"]
[Site "Chess.com"]
[Date "2015.10.06"]
[Round "9"]
[White "AlexanderL"]
[Black "Konavets"]
[Result "0-1"]
[WhiteElo "2546"]
[BlackElo "2530"]
[TimeControl "180+2"]
[EndTime "12:55:56 PDT"]
[Termination "Konavets won on time"]

1. d4 Nf6 2. c4 g6 3. Nf3 Bg7 4. e3 O-O 5. Be2 c5 6. d5 d6 7. Nc3 e6 8. O-O exd5 9. cxd5 Re8 10. Nd2 a6 11. a4 Nbd7 12. e4 b6 13. Re1 Rb8 14. Bf1 Qc7 15. f4 c4 16. Bxc4 b5 17. axb5 axb5 18. Bf1 b4 19. Na4 Qa7+ 20. Kh1 Nc5 21.
Nxc5 Qxa1 22. Ncb3 Qa7 23. h3 Qf2 24. e5 dxe5 25.
fxe5 Nh5 26. Ne4 Ng3+ 27. Nxg3 Qxg3 28. Re3 Qh4 29. Nd4 Bb7 30. Nf3 Qd8 31. Bc4 Rc8 32.
b3 Rc5 33. d6 Bxf3 34. Qxf3 Qd7 35. Re1 Rcxe5 36. Rf1 Rf5 37. Qd1 Rxf1+ 38. Qxf1 Be5 39.
Bb5 Qd8 40. Bxe8 Qxe8 41. Qe2 Qe6 42. d7 Qxd7 43. Qxe5 Qd1+ 44. Kh2 Qxc1 45. Qb8+ Kg7 46. Qxb4 Qb2 47. Qb8 g5 48. b4 f5 49. b5 f4 50.
b6 Qb3 51. Qc7+ Kg6 52. Qc6+ Kg7 53. Qc7+ Kg6 54. Qd6+ Kh5 55. Qd1+ Qxd1 0-1

[Event "*** Titled Tuesday 3|2 Blitz"]
[Site "Chess.com"]
[Date "2015.10.06"]
[Round "9"]
[White "Saitama_Hero"]
[Black "Baggio95"]
[Result "0-1"]
[WhiteElo "2141"]
[BlackElo "2385"]
[TimeControl "180+2"]
[EndTime "12:56:05 PDT"]
[Termination "Baggio95 won by checkmate"]

1. d4 Nf6 2. c4 c5 3. Na3 cxd4 4. Qxd4 Nc6 5. Qd1 g6 6. Nf3 Bg7 7. g3 O-O 8. Bg2 d6 9. O-O Bf5 10.
Nc2 Be4 11. h3 Rc8 12. Be3 a6 13. Rc1 Qa5 14. a3 Nd7 15. b4 Bxc2 16. Qxc2 Qxa3 17. b5 Nce5 18. Nd2 axb5 19. Ra1 Qb4 20. Rfb1 Rxc4 21.
Nxc4 Qxc4 22. Qe4 Qxe4 23. Bxe4 Nc4 24. Ra7 Nxe3 25. fxe3 Nc5 26. Bxb7 Na4 27. Rxb5 Nc3 28. Rb2 Be5 29. Kg2 Kg7 30. Rc2 Rb8 31. Bf3 Bf6 32.
Rc7 Nd1 33. e4 Ne3+ 34. Kf2 Nxc2 35. Rxc2 Bd4+ 36. e3 Be5 37. g4 Kf6 38. h4 h6 39.
Kg2 Rb3 40. Re2 g5 41. h5 Bc3 42. Rf2 Kg7 43. Be2 e6 44. Bf3 Bb4 45. Re2 Bc5 46.
Kf2 Kf6 47. Bg2 Ke5 48. Kf3 Rc3 49. Bh3 d5 50. exd5 exd5 51. Bf1 d4 52. Bg2 dxe3 53. Bf1 Rc1 54. Bg2 f5 55. Bh3 f4 56. Bg2 Bb4 57. Bh3 Bd2 58. Bg2 Kd4 59. Bh3 Kd3 60. Bg2 Rg1 61.
Bh3 Rg3# 0-1